AoeStats
← GalatiansTwoTwenty

Arabia

507821486Analyzed
1v1 RM · 12d ago on Sep 19, 2026· 48m 39s· 2 players
Game mode
Random Map
Map size
Tiny (2 player)
Population
200
Speed
Normal
Resources
Standard
Victory
Conquest
Starting age
Dark Age
Ending age
Imperial Age
RankedLock teamsTeams togetherTeam positionsShared explorationLock speedFull tech treeHidden civsTurbo modeCheats
Victory
Defeat
🇲🇽 Mongols · Mexico
1387
+15
🇺🇸 Huns · United States
1366
-15
GalatiansTwoTwenty
7:44 Loom
10:01 Feudal Age
10:34 Double-Bit Axe
10:29 Horse Collar
11:01 Town Watch
15:57 Wheelbarrow
19:26 Gold Mining
20:07 Bloodlines
22:14 Castle Age
21:18 Scale Barding Armor
21:45 Bloodlines
23:18 Chain Barding Armor
22:20 Light Cavalry
23:12 Fletching
23:55 Elite Skirmisher
25:13 Padded Archer Armor
26:44 Bodkin Arrow
28:07 Leather Archer Armor
32:19 Husbandry
36:25 Thumb Ring
36:29 Pikeman
38:24 Scale Mail Armor
42:52 Squires
45:42 Imperial Age
manuelarturo1997
6:02 Loom
8:17 Feudal Age
13:19 Double-Bit Axe
20:24 Castle Age
18:26 Fletching
19:40 Bloodlines
19:39 Padded Archer Armor
21:02 Bodkin Arrow
21:08 Gold Mining
23:12 Padded Archer Armor
24:35 Leather Archer Armor
26:04 Husbandry
26:56 Town Watch
27:47 Wheelbarrow
33:11 Scale Barding Armor
35:59 Horse Collar
37:25 Stone Mining
40:37 Heavy Plow
42:18 Murder Holes
42:35 Masonry
42:59 Ballistics
44:14 Forging
44:43 Bow Saw
45:15 Chain Barding Armor
49:42 Imperial Age
47:28 Light Cavalry
48:49 Thumb Ring
Connection lost

Rejoining the realm…

Still unreachable

The connection could not be restored.

Session expired

The server has moved on; the page needs a fresh start.